Croesus, chaotic male elven Ranger ----- |...-######----- ############################+ |...| #|.>.| #---------------- ## |....######...^.#####|..............| #[## ------------- --.-- #|...| ##|.{.<..........| # # |aaaa...%...| # #|....#####-..............| #[# # |aaaa%..%a...# # #----- ----.----------- # # |aaaau%.@...|# # ################################# # |aaaaf%%%...|# # # # -------------# # ### # # # # # # --.-|---+-- ## # # |..........#### ---------.---# ### |.........| |...........|# # |.........| |....<.......# ##-.........| |...........| ----------- |...........| ------------- Croesus the Trailblazer Experience level: 7 Strength: 16 Dexterity: 13 Constitution: 16 Intelligence: 15 Wisdom: 14 Charisma: 7 Health: 0(58) Energy: 51(51) Def: 14 Gold: 0 Moves: 6013 Dungeon seed: oWKoK2dbhPaGXz2y Game ID: Croesus_1603955667 Your Inventory: Weapons d - an uncursed +0 elven spear (alternate weapon; not wielded) e - an uncursed +1 elven bow (weapon in hand) o - 13 uncursed poisoned +0 orcish arrows L - 55 uncursed +2 elven arrows M - 46 uncursed +0 elven arrows N - 60 uncursed +0 arrows (in quiver) Armor h - an uncursed +2 elven cloak (being worn) r - an uncursed +0 dwarvish mithril-coat (being worn) y - an uncursed +0 dwarvish roundshield (being worn) Y - an uncursed +0 pair of kicking boots (being worn) Z - an uncursed +0 orcish helm (being worn) Comestibles f - 3 uncursed lembas wafers w - 7 uncursed lumps of royal jelly Wands g - an uncursed wand of locking (0:5) n - an uncursed wand of digging (0:5) u - an uncursed wand of cancellation (0:4) G - an uncursed wand of slow monster (0:4) Tools b - an uncursed bag of holding T - an uncursed towel Contents of the bag of holding: an uncursed +0 axe an uncursed +0 dagger 45 uncursed +1 darts 24 uncursed +0 darts an uncursed +0 dwarvish short sword of aggravate monster an uncursed +1 elven dagger an uncursed +0 elven dagger a cursed -1 elven dagger 2 uncursed +0 orcish daggers 6 cursed poisoned -1 orcish arrows an uncursed +0 chain mail of carrying an uncursed +0 mummy wrapping 3 uncursed food rations an uncursed orange an uncursed sprig of wolfsbane an uncursed scroll of amnesia an uncursed scroll of blank paper an uncursed scroll of enchant weapon 3 uncursed scrolls of identify a blessed scroll of remove curse a cursed scroll of stinking cloud 3 uncursed scrolls of teleportation a cursed potion of blindness 2 uncursed potions of extra healing an uncursed potion of fruit juice an uncursed potion of gain ability an uncursed potion of hallucination an uncursed potion of monster detection 2 uncursed potions of object detection an uncursed potion of restore ability a cursed -4 ring of carrying a cursed -1 ring of increase damage an uncursed ring of polymorph control an uncursed bell an uncursed magic marker (0:36) an uncursed sack an uncursed sack an uncursed tallow candle (0:200) 2 cursed tallow candles (0:200) 3 uncursed wax candles (0:400) 2 uncursed worthless pieces of black glass an uncursed worthless piece of yellowish brown glass 2382 gold pieces Spells and supernatural/magical abilities: Name Level Category Cost Memory p - protection 1 clerical 1000pw 99% D - drain life 2 attack 2000pw 99% W - pray for help -- divine ? -- Your skills at the end: Fighting Skills wands [Basic] Weapon Skills dagger [Basic] bow [Expert] Spellcasting Skills Final Attributes: You were piously aligned. You were immune to sleep. You saw invisible. You were telepathic. You had automatic searching. You had infravision. You were stealthy. Mars was noncommittal. You are dead. Vanquished creatures: a large mimic a large cat a human mummy a chameleon a giant beetle a quivering blob a wolf a mumak a giant spider an ice vortex 2 black lights 2 dwarf mummies a werewolf a lizard a dust vortex a plains centaur an ape 3 bugbears a water nymph 6 Uruk-hai 2 rock piercers a rock mole a yellow light a violet fungus 2 gnome lords a gnomish wizard a kobold mummy 2 elf zombies a paper golem a giant ant 2 little dogs a floating eye 2 dwarves 10 hill orcs a rothe a rabid rat a giant bat 3 dwarf zombies 3 iguanas 23 killer bees 9 coyotes a gas spore 3 hobbits 10 manes 8 hobgoblins 3 brown molds a yellow mold 3 red molds 6 gnomes 13 garter snakes a gnome zombie 4 geckos 4 jackals 2 foxes 3 goblins a sewer rat 2 grid bugs 3 lichens a kobold zombie 3 newts 170 creatures vanquished. Voluntary challenges: You were an atheist. You used a wielded weapon 51 times, starting on turn 403. You read items or engraved 7 times, starting on turn 5149. You never genocided any monsters. You never polymorphed an object. You never changed form. You used no wishes. You never split a pudding. You never wrote Elbereth's name. You never violated your personal moral code. Dungeon overview: The Dungeons of Doom: levels 1 to 11 Level 1 a long staircase Level 2 Level 3 a fountain, a vault stairs to The Gnomish Mines Level 4 a scroll shop, a fountain, a vault Level 5 a general store Level 6 an armor shop, a fountain, a vault Level 7 some fountains Level 8 a fountain, a sink, a vault Level 9 many fountains Level 10 <- You were here a fountain, a vault stairs to Sokoban Level 11 The Gnomish Mines: levels 3 to 4 Level 4 Sokoban: Level 9 Unsolved stairs to The Dungeons of Doom History has recorded: On T:1 you entered the Dungeons of Doom to retrieve the Amulet of Yendor! On T:72 you reached level 2 of The Dungeons of Doom. On T:672 you reached level 3 of The Dungeons of Doom. On T:844 you reached level 4 of The Dungeons of Doom. On T:1011 you advanced to experience level 2. On T:1190 you advanced to experience level 3. On T:1558 you reached level 5 of The Dungeons of Doom. On T:1627 you advanced to experience level 4. On T:1855 you reached level 6 of The Dungeons of Doom. On T:2012 you advanced to experience level 5. On T:2793 you advanced to experience level 6. On T:3053 you reached level 7 of The Dungeons of Doom. On T:3171 you reached level 8 of The Dungeons of Doom. On T:3776 you reached level 9 of The Dungeons of Doom. On T:3814 you advanced to experience level 7. On T:4810 you reached level 10 of The Dungeons of Doom. On T:5568 you reached level 4 of Sokoban. On T:5588 you reached level 11 of The Dungeons of Doom. Score breakdown: Gold: 2382 (11487 points) Experience: 7 levels (13645 points) Exploration: 11 levels ( 23.40%) (13987 points) Discoveries: 14 items ( 4.75%) ( 6535 points) Valuables value: (no points given unless you survive) Artifact value: 0 ( 0 points) Variety of kills: 60 monsters ( 15.79%) (11920 points) Turncount: 6013 turns (-1627 points) Survival: died (score multiplied by 80%) Total score: 44757 Latest messages: The queen bee stings! You see here a female killer bee corpse. The warhorse picks up a lump of royal jelly. The warhorse misses the queen bee. (2x) The large cat misses the killer bee. The killer bee misses the large cat. The queen bee stings the warhorse. The warhorse misses the queen bee. The warhorse bites the queen bee. The killer bee misses the large cat. The large cat misses the killer bee. The killer bee misses the large cat. The warhorse drops a lump of royal jelly. The large cat misses the killer bee. The queen bee stings! The warhorse picks up a female killer bee corpse. The warhorse misses the killer bee. (2x) The large cat misses the killer bee. The queen bee stings! The killer bee misses the warhorse. (2x) The warhorse misses the killer bee. The warhorse bites the killer bee. The queen bee stings! The queen bee's sting was poisoned! Elf, your life force is running out. You die... Final status: Goodbye Croesus the Ranger, killed by a queen bee... You died in The Dungeons of Doom on dungeon level 10 with 44757 points, and 2382 pieces of gold, after 6013 moves. You were level 7 with a maximum of 58 hit points when you died.